 Dungeon Crawl Stone Soup version 0.24.0-125-gc4c63601f3 (webtiles) character file.

Game seed: 241588411327264371, levelgen mode: deterministic

618 dragonscale333 the Spear-Bearer (level 7, 0/87 HPs)
             Began as a Merfolk Gladiator on Mar 18, 2020.
             Was an Initiate of Gozag.
             Slain by Pikel the unseen horror (7 damage)
             ... on level 5 of the Dungeon.
             The game lasted 00:06:44 (4959 turns).

dragonscale333 the Spear-Bearer (Merfolk Gladiator) Turns: 4959, Time: 00:06:45

Health: 0/87       AC: 23    Str: 16    XL:     7   Next: 45%
Magic:  6/6        EV:  2    Int: 12    God:    Gozag
Gold:   332        SH:  0    Dex: 16    Spells: 6/6 levels left

rFire    . . .     SeeInvis .   a - +0 trident
rCold    . . .     Gourm    .   (no shield)
rNeg     + + +     Faith    .   (armour currently unavailable)
rPois    +         Spirit   .   (helmet currently unavailable)
rElec    .         Reflect  .   (cloak currently unavailable)
rCorr    .         Harm     .   (gloves currently unavailable)
MR       .....     NoTele   +   (boots currently unavailable)
Stlth    +.........             (no amulet)
HPRegen  0.24/turn              (no ring)
MPRegen  0.10/turn              (no ring)

@: brilliant, tree-form (expiring)
A: (change form in water), (swift swim), (stealthy swim), deterioration 1, low
mp 1, sense surroundings 1
a: Potion Petition, Call Merchant, Bribe Branch, Renounce Religion


You were on level 5 of the Dungeon.
You worshipped Gozag.
Gozag was aware of your devotion.
You were near starving.
You were a tree.
You visited 1 branch of the dungeon, and saw 5 of its levels.

You collected 358 gold pieces.
You paid 26 gold pieces to Gozag.

Inventory:

Hand Weapons
 a - a +0 trident (weapon)
Armour
 b - a +0 leather armour
 c - a +0 helmet (melded)
 r - a +1 ring mail (melded)
 t - a +0 cloak (melded)
Wands
 u - a wand of polymorph (10)
Scrolls
 g - a scroll of random uselessness
 i - 2 scrolls of enchant armour
 n - 2 scrolls of blinking
 p - a scroll of immolation {unknown}
 q - a scroll of fear
 w - a scroll of remove curse
 x - a scroll of amnesia
Potions
 j - a potion of mutation
 k - a potion of brilliance
 l - a potion of haste {unknown}
 m - 2 potions of magic {unknown}
 o - a potion of flight {unknown}
 s - a potion of degeneration {unknown}
 v - a potion of ambrosia {unknown}
 z - 2 potions of cancellation {unknown}
Comestibles
 f - 8 rations


   Skills:
 - Level 6.1 Fighting
 + Level 8.0 Polearms
 - Level 2.0 Throwing
 - Level 6.0 Dodging


You had 6 spell levels left.
You didn't know any spells.
Your spell library was empty.

Dungeon Overview and Level Annotations

Branches:
Dungeon (5/15)
 Temple: D:4-7

Altars:
Ashenzari
Gozag
Kikubaaqudgha
Ru
Sif Muna
Vehumet
Wu Jian

Annotations:
D:5 Pikel


Innate Abilities, Weirdness & Mutations

((You revert to your normal form in water.))
((You are very nimble and swift while swimming.))
((You are very stealthy in the water. (Stealth+)))
Your body sometimes deteriorates upon taking damage.
Your magical capacity is low. (-10% MP)
You passively map a small area around you.


Message History

* * * LOW HITPOINT WARNING * * *
Something hits you.
* * * LOW HITPOINT WARNING * * *
You closely miss something. Something hits you but does no damage.
You miss something.
Something hits you but does no damage. x2
You hit something but do no damage. Something hits you!
* * * LOW HITPOINT WARNING * * *
You puncture something! Something hits you.
* * * LOW HITPOINT WARNING * * *
Something hits you.
* * * LOW HITPOINT WARNING * * *
It was a potion of mutation.
You feel extremely strange.
You feel less energetic.
You feel yourself wasting away.
You feel a strange attunement to the structure of the dungeons.
Something hits you but does no damage. x2
It was a potion of brilliance.
You feel clever all of a sudden. Something hits you!
You die...
Your body crumbles into a pile of gold.

* * * ##...##### *
..p##........ , , #.Kpp.....#
*, , * *#.# #p# #p# #p# * * *
#{# * #♣# #.# ##########
####.######........#
#.........#.######.#
#.##.####.#.# #.# ########
#.##.####.#.######.# #......#
#.#.............##.#
#.####.####......##.#.###.##.#
#.# #..........###.#........#


You could see 3 slaves.

Vanquished Creatures
  A scorpion (D:2)
  2 crimson imps (D:5)
  3 orc priests
  A centaur skeleton (D:4)
  3 hounds (D:5)
  An orc wizard (D:4)
  An iguana (D:5)
  A worker ant (D:4)
  Terence (D:3)
  7 adders
  2 shadow imps (D:5)
  3 worms
  A dart slug (D:5)
  2 leopard geckos
  17 orcs
  A ball python (D:1)
  4 bats
  2 giant cockroaches
  12 goblins
  9 hobgoblins
  8 jackals
  2 quokkas
  5 frilled lizards
  7 kobolds
  9 rats
105 creatures vanquished.

Notes
Turn   | Place    | Note
-------+----------+-------------------------------------------
     0 | D:1      | dragonscale333 the Merfolk Gladiator began the quest for
                  | the Orb.
     0 | D:1      | Reached XP level 1. HP: 16/16 MP: 1/1
    40 | D:1      | Reached skill level 5 in Polearms
    96 | D:1      | Reached XP level 2. HP: 21/22 MP: 2/2
   655 | D:1      | Reached skill level 6 in Polearms
   655 | D:1      | Reached XP level 3. HP: 27/27 MP: 3/3
   896 | D:2      | Reached XP level 4. HP: 28/35 MP: 4/4
  1552 | D:2      | Reached XP level 5. HP: 32/43 MP: 5/5
  1939 | D:2      | Found an opulent altar of Gozag.
  2428 | D:3      | Noticed Terence
  2435 | D:3      | Killed Terence
  2435 | D:3      | Reached skill level 5 in Fighting
  2891 | D:3      | Reached skill level 5 in Dodging
  3044 | D:3      | Reached XP level 6. HP: 51/51 MP: 6/6
  3078 | D:3      | Found a sacrificial altar of Ru.
  3081 | D:3      | Found an ornate altar of the Wu Jian Council.
  3085 | D:3      | Found a shattered altar of Ashenzari.
  3421 | D:2      | Became a worshipper of Gozag Ym Sagoz the Greedy
  3723 | D:4      | Found a shimmering blue altar of Sif Muna.
  3772 | D:4      | Reached skill level 7 in Polearms
  3926 | D:4      | Found an ancient bone altar of Kikubaaqudgha.
  4040 | D:5      | Entered Level 5 of the Dungeon
  4236 | D:5      | Reached skill level 8 in Polearms
  4276 | D:5      | Reached XP level 7. HP: 8/57 MP: 7/7
  4655 | D:5      | Found a radiant altar of Vehumet.
  4910 | D:5      | Noticed Pikel
  4927 | D:5      | Pikel changed into something unseen
  4958 | D:5      | Gained mutation: Your magical capacity is low. (-10% MP)
                  | [potion of mutation]
  4958 | D:5      | Gained mutation: Your body sometimes deteriorates upon
                  | taking damage. [potion of mutation]
  4958 | D:5      | Gained mutation: You passively map a small area around you.
                  | [potion of mutation]
  4959 | D:5      | Slain by Pikel the unseen horror

Levels and vault maps discovered:
D:1:      psy_arrival_basics, layout_basic
D:2:      layout_basic, nicolae_overflow_hidden_temple
D:3:      layout_loops_ring, gammafunk_temple_overflow_forgotten,
          kennysheep_pointless_box, minmay_misc_feat_doors, uniq_terence
D:4:      layout_cave_pools, kennysheep_little_box, kiku_gazebo_pond_becter,
          first_ration
D:5:      layout_loops_corners, basic_altar, uniq_pikel

Skill      XL: |  1  2  3  4  5  6  7 |
---------------+----------------------+-----
Polearms       | 5 6 8 |  8.0
Fighting       | 3 4 5 6 |  6.1
Dodging        | 5 6 |  6.0
Throwing       | |  2.0

Action                   |  1- 3 |  4- 6 |  7- 9 || total
-------------------------+-------+-------+-------++-------
Melee: Trident           |   119 |   253 |    98 ||   470
Throw: Throwing net      |       |     4 |     1 ||     5
Evoke: Wand              |       |       |     1 ||     1
  Use: Scroll            |       |    10 |       ||    10
       Potion            |       |       |     5 ||     5
 Stab: Sleeping          |     1 |     1 |       ||     2
       Held in net/web   |       |     1 |     1 ||     2
  Eat: Chunk             |       |     8 |       ||     8
       Ration            |       |     1 |       ||     1
Armor: Leather armour    |    24 |    18 |       ||    42
       Ring mail         |       |    28 |    16 ||    44
       Skin              |       |       |    28 ||    28
Dodge: Dodged            |    67 |   137 |    44 ||   248
